 Dungeon Crawl Stone Soup version 0.17.1-3-g152610e (webtiles) character file.

170 magipi the Sneak (level 5, -2/24 HPs)
             Began as a Spriggan Enchanter on Apr 17, 2016.
             Slain by a gnoll
             ... wielding a +0 spear
              (3 damage)
             ... on level 4 of the Dungeon.
             The game lasted 00:18:54 (2142 turns).

magipi the Sneak (Spriggan Enchanter)               Turns: 2142, Time: 00:18:54

Health: -2/24      AC:  3    Str:  5    XL:     5   Next: 26%
Magic:  0/10       EV: 18    Int: 17    God:
Gold:   200        SH:  0    Dex: 16    Spells: 3 memorised, 3 levels left

rFire  . . .     SeeInvis +     a - +1 dagger
rCold  . . .     Clarity  .     b - +1 robe
rNeg   . . .     SustAt   .     (shield restricted)
rPois  .         Gourm    .     (helmet restricted)
rElec  .         Spirit   .     (no cloak)
rCorr  .         Warding  .     (gloves unavailable)
rMut   .         Stasis   .     (boots unavailable)
MR     .....                    (no amulet)
Stlth  +++.......               (no ring)
                                q - ring of flight

@: about to teleport, very quick, not resistant to hostile enchantments, fairly
stealthy
A: unfitting armour, see invisible, herbivore 3, speed 3, slow metabolism 2
a: Evoke Flight


You were on level 4 of the Dungeon.
You were hungry.

You visited 1 branch of the dungeon, and saw 4 of its levels.

You collected 200 gold pieces.

Inventory:

Hand Weapons
 a - a +1 dagger (weapon)
Missiles
 h - a throwing net (quivered)
Armour
 b - a +1 robe (worn)
Jewellery
 q - a ring of flight (left hand)
Scrolls
 e - 7 scrolls of identify
 g - a scroll of recharging
 i - a scroll of blinking
 j - a scroll of immolation
 p - 3 scrolls of remove curse
 r - 2 scrolls of teleportation
Potions
 f - a potion of heal wounds
 l - 2 potions of might
 u - a potion of curing
Books
 c - a book of Maledictions

   Spells                             Type                      Level
   a - Corona                         Hexes                        1
   b - Ensorcelled Hibernation        Hexes/Ice                    2
   c - Confuse                        Hexes                        3
   d - Tukima's Dance                 Hexes                        3
   e - Dazzling Spray                 Conjuration/Hexes            3
 m - Sif Muna's Guide on Orientation
   (You found it on level 2 of the Dungeon)

   Spells                             Type                      Level
   a - Apportation                    Translocation                1
 n - Vehumet's Grimoire of Attacks
   (You found it on level 2 of the Dungeon)

   Spells                             Type                      Level
   a - Magic Dart                     Conjuration                  1
 o - Kikubaaqudgha's Volume of Unholy Rituals
   (You found it on level 2 of the Dungeon)

   Spells                             Type                      Level
   a - Pain                           Necromancy                   1
Comestibles
 d - 4 bread rations


   Skills:
 - Level 2.1 Short Blades
 - Level 3.0 Dodging
 - Level 5.4 Stealth
 - Level 2.6 Spellcasting
 + Level 5.3 Hexes
 + Level 2.2 Ice Magic


You had 3 spell levels left.
You knew the following spells:

 Your Spells              Type           Power        Failure   Level  Hunger
a - Corona                Hex            ###....      1%          1    #......
b - Ensorcelled Hibernat  Hex/Ice        ###...       10%         2    ##.....
c - Confuse               Hex            ###.....     8%          3    ###....


Dungeon Overview and Level Annotations

Branches:
Dungeon (4/15)
 Temple: D:4-7

Altars:
Ashenzari
Kikubaaqudgha
Nemelex Xobeh
Ru
Sif Muna
Vehumet
Xom

Annotations:
D:2 Terence


Innate Abilities, Weirdness & Mutations

You are tiny and cannot use many weapons and most armour.
You have supernaturally acute eyesight.
You are a herbivore.
You cover ground extremely quickly.
You need consume almost no food.


Message History

Found a scroll of identify.
e - 7 scrolls of identify (gained 1)
You open the door.
There is an open door here.
Found a potion of degeneration.
t - 2 potions of degeneration (gained 1) Drop what? 21/52 slots (_ for help) (? for menu, Esc to quit)
You drop a potion of mutation.
You drop a potion of poison.
You drop 2 potions of degeneration.
Found 14 gold pieces.
You open the door.
Found 19 sling bullets.
There is an open door here.
You now have 174 gold pieces (gained 14).
There is an open door here.
A scorpion comes into view.
Found 13 gold pieces.
Casting: Ensorcelled Hibernation
Confirm with . or Enter, or press ? or * to list all spells.
Aiming: Ensorcelled Hibernation
Press: ? - help, Shift-Dir - straight line, f - scorpion
Aim: a scorpion (chance to defeat MR: 44%)
The scorpion looks drowsy...
Unknown command.
The helpless scorpion fails to defend itself.
You impale the scorpion!!
You kill the scorpion!
Your Ice Magic skill increases to level 2!
You have reached level 5!
You feel clever.
Found a ring mail.
Unknown command.
Found 13 gold pieces and a scroll of remove curse.
You now have 187 gold pieces (gained 13).
p - 3 scrolls of remove curse (gained 1)
You now have 200 gold pieces (gained 13).
A centaur comes into view.
The centaur shouts!
The centaur wields a shortbow.
The centaur shoots an arrow.
The arrow hits you.
A gnoll comes into view. It is wielding a club.
You see here an arrow.
The centaur shoots an arrow.
The arrow hits you!
You hear a shout! x2
You see here an arrow.
A gnoll comes into view. It is wielding a spear.
The centaur unwields an uncursed shortbow.
The centaur misses you.
You see here an arrow.
Casting: Ensorcelled Hibernation
Confirm with . or Enter, or press ? or * to list all spells.
Aiming: Ensorcelled Hibernation
Press: ? - help, Shift-Dir - straight line, f - centaur
Aim: a centaur (chance to defeat MR: 46%)
The centaur resists with some effort.
The gnoll shouts!
The centaur misses you.
Unknown command.
Casting: Ensorcelled Hibernation
Confirm with . or Enter, or press ? or * to list all spells.
Aiming: Ensorcelled Hibernation
Press: ? - help, Shift-Dir - straight line, f/p - centaur
Aim: a centaur (chance to defeat MR: 46%)
The centaur resists with some effort.
The centaur misses you.
Casting: Ensorcelled Hibernation
Confirm with . or Enter, or press ? or * to list all spells.
Aiming: Ensorcelled Hibernation
Press: ? - help, Shift-Dir - straight line, f/p - centaur
Aim: a centaur (chance to defeat MR: 46%)
The centaur resists with some effort.
The centaur hits you. The centaur closely misses you.
Casting: Ensorcelled Hibernation
Confirm with . or Enter, or press ? or * to list all spells.
Aiming: Ensorcelled Hibernation
Press: ? - help, Shift-Dir - straight line, f/p - centaur
Aim: a centaur (chance to defeat MR: 46%)
The centaur resists with some effort.
You are feeling hungry.
The centaur misses you.
Unknown command.
Casting: Ensorcelled Hibernation
Confirm with . or Enter, or press ? or * to list all spells.
Aiming: Ensorcelled Hibernation
Press: ? - help, Shift-Dir - straight line, f/p - centaur
Aim: a centaur (chance to defeat MR: 46%)
The centaur resists with some effort.
The centaur misses you. The gnoll barely misses you.
The centaur completely misses you.
Unknown command.
Casting: Ensorcelled Hibernation
Confirm with . or Enter, or press ? or * to list all spells.
Okay, then.
Unknown command.
Read which item? (? for menu, Esc to quit)
As you read the scroll of teleportation, it crumbles to dust.
You feel strangely unstable. The centaur misses you.
The gnoll hits you from afar with a spear.
You barely miss the centaur. The centaur hits you!
* * * LOW HITPOINT WARNING * * *
The gnoll hits you from afar with a spear.
You die...

#...........#.....#
#...........#.....#
##...........#.....#
.............#.....#
..######+##+##.....#
..# #.##........# ..#
#.##........# ..#
#.##........# ..#
#.##.....@(.#
########.......c####**
.......'.......g.,,,,*
########.......g.,,,,*
..............>..,,,,*
.#.####....####.,,,,,*
.#.# #.#### #.g,,,,*
.#.# #.# ***#.,,,,,**
...## #.# *,,,,,,,,,,*


You could see a centaur and 2 gnolls.

Vanquished Creatures
  A scorpion (D:4)
  A worker ant (D:4)
  2 adders (D:2)
  2 oozes
  2 worms
  A giant gecko (D:1)
  4 orcs (D:3)
  5 bats
  5 giant cockroaches
  2 goblins
  4 hobgoblins
  11 jackals
  7 kobolds
  A quokka (D:2)
  A ball python (D:2)
  4 giant newts
  11 rats
64 creatures vanquished.

Notes
Turn   | Place    | Note
--------------------------------------------------------------
     0 | D:1      | magipi the Spriggan Enchanter began the quest for the Orb.
     0 | D:1      | Reached XP level 1. HP: 9/9 MP: 5/5
    95 | D:1      | Reached XP level 2. HP: 11/13 MP: 6/6
   274 | D:1      | Learned a level 2 spell: Ensorcelled Hibernation
   316 | D:1      | Reached skill level 5 in Stealth
   439 | D:1      | Reached XP level 3. HP: 13/16 MP: 8/8
   635 | D:2      | Learned a level 3 spell: Confuse
   646 | D:2      | Reached skill level 1 in Ice Magic
   724 | D:2      | Found an ancient bone altar of Kikubaaqudgha.
   726 | D:2      | Found a deep blue altar of Sif Muna.
   726 | D:2      | Found a radiant altar of Vehumet.
   731 | D:2      | Identified Sif Muna's Guide on Orientation
   740 | D:2      | Identified Vehumet's Grimoire of Attacks
   747 | D:2      | Identified Kikubaaqudgha's Volume of Unholy Rituals
   969 | D:2      | Reached XP level 4. HP: 19/21 MP: 2/9
   972 | D:2      | Noticed Terence
  1007 | D:2      | Found a shattered altar of Ashenzari.
  1591 | D:3      | Found a sacrificial altar of Ru.
  1722 | D:4      | Reached skill level 5 in Hexes
  1888 | D:4      | Found a sparkling altar of Nemelex Xobeh.
  1888 | D:4      | Found a shimmering altar of Xom.
  2090 | D:4      | Reached XP level 5. HP: 24/24 MP: 7/10
  2128 | D:4      | Noticed a centaur
  2142 | D:4      | HP: 1/24 [centaur (9)]
  2142 | D:4      | Slain by a gnoll

Action                   |  1- 3 |  4- 6 || total
-------------------------+-------+-------++-------
Melee: Dagger            |   121 |    73 ||   194
 Cast: Ensorcelled Hiber |     3 |    18 ||    21
  Use: Scroll            |       |    13 ||    13
 Stab: Sleeping          |    19 |    13 ||    32

Action                   |  1- 3 |  4- 6 || total
-------------------------+-------+-------++-------
Melee: Dagger            |   121 |    73 ||   194
 Cast: Ensorcelled Hiber |     3 |    18 ||    21
  Use: Scroll            |       |    13 ||    13
 Stab: Sleeping          |    19 |    13 ||    32
